 Dungeon Crawl Stone Soup version 0.17-a0-1840-g87820a2 (webtiles) character file.

424 4thArraOfDagon the Gusty (level 6, -5/42 HPs)
             Began as a Centaur Air Elementalist on Sept 16, 2015.
             Was a Follower of the Shining One.
             Shot with an arrow by a centaur (7 damage)
             ... while paralysed by Grinder
             ... on level 6 of the Dungeon.
             The game lasted 00:08:19 (1533 turns).

4thArraOfDagon the Gusty (Centaur Air Elementalist) Turns: 1533, Time: 00:08:19

Health: -5/42      AC:  4    Str: 11    XL:     6   Next: 64%
Magic:  9/10       EV:  1    Int: 16    God:    the Shining One [*.....]
Gold:   139        SH:  0    Dex:  9    Spells: 3 memorised, 5 levels left

rFire  + . .     SeeInvis .     e - +0 quarterstaff
rCold  + . .     Rnd*Rage +     a - +0 robe
rNeg   . . .     SustAt   .     (no shield)
rPois  .         Gourm    .     (no helmet)
rElec  .         Spirit   .     (no cloak)
rCorr  .         Warding  .     (no gloves)
rMut   .         Stasis   .     (no barding)
MR     .....                    (no amulet)
Stlth  +.........               l - ring of protection from cold
                                h - +4 ring of evasion

@: paralysed, glowing, repel missiles, very quick, not resistant to hostile
enchantments, very unstealthy
A: hooves 3, berserk 1, blink, deformed body, fire resistance 1, speed 2, frail
1, spit poison 1, tough skin 3, wild magic 1
a: Spit Poison, Blink, Renounce Religion


You were on level 6 of the Dungeon.
You worshipped the Shining One.
The Shining One was aware of your devotion.
You were not hungry.

You visited 1 branch of the dungeon, and saw 6 of its levels.

You collected 139 gold pieces.

Inventory:

Hand weapons
 e - a +0 quarterstaff (weapon)
Armour
 a - a +0 robe (worn)
Jewellery
 h - a +4 ring of evasion (left hand)
 l - a ring of protection from cold (right hand)
Magical devices
 r - a wand of random effects (3)
 s - a wand of cold (2)
Scrolls
 m - 4 scrolls of noise {unknown}
 n - a scroll of enchant armour {unknown}
 o - 2 scrolls of remove curse
 p - a scroll of amnesia {unknown}
 t - 2 scrolls of teleportation {unknown}
 v - 2 scrolls of random uselessness {unknown}
Potions
 d - 2 potions of agility {unknown}
 f - 2 potions of brilliance {unknown}
 g - a potion of poison {unknown}
 i - 3 potions of flight {unknown}
 q - a potion of heal wounds {unknown}
Books
 b - a book of Air

   Spells                             Type                      Level
   a - Shock                          Conjuration/Air              1
   b - Swiftness                      Charms/Air                   2
   c - Repel Missiles                 Charms/Air                   2
   d - Static Discharge               Conjuration/Air              3
   e - Lightning Bolt                 Conjuration/Air              5
Comestibles
 c - 2 bread rations
 j - a meat ration
 k - 5 mutagenic chunks of flesh
 u - 4 fruits


   Skills:
 + Level 1.1 Fighting
 + Level 0.5 Armour
 + Level 1.7 Dodging
 - Level 1.2 Stealth
 - Level 3.3 Spellcasting
 - Level 3.3 Conjurations
 - Level 4.2 Air Magic


You had 5 spell levels left.
You knew the following spells:

 Your Spells              Type           Power        Failure   Level  Hunger
a - Shock                 Conj/Air       ###.         11%         1    None
b - Repel Missiles        Chrm/Air       ##....       26%         2    ##.....
c - Static Discharge      Conj/Air       ###.....     22%         3    ###....


Dungeon Overview and Level Annotations

Branches:
Dungeon (6/15)
 Temple: D:4-7

Altars:
Gozag
Nemelex Xobeh
Ru
Vehumet
Xom
The Shining One

Shops:
D:4 *

Annotations:
D:6 Blork the orc, Grinder, Pikel


Innate Abilities, Weirdness & Mutations

You have hooves in place of feet.
Armour fits poorly on your strangely shaped body.
You cover ground very quickly.
You have extremely tough skin (AC +3).
You tend to lose your temper in combat.
You can translocate small distances at will.
Your flesh is heat resistant.
You are frail (-10% HP).
You can spit weak poison.
Your spells are a little harder to cast, but a little more powerful.


Message History

Unknown command.
You see here an arrow.
A centaur comes into view.
The centaur shouts!
Unknown command.
The centaur wields a shortbow.
The centaur shoots an arrow.
The arrow is repelled.
Grinder gestures at you.
You suddenly lose the ability to move!
The centaur shoots an arrow.
The arrow barely misses you.
The centaur shoots an arrow.
The arrow hits you! Grinder gestures at you.
You resist with significant effort.
The centaur shoots an arrow.
The arrow hits you!
* * * LOW HITPOINT WARNING * * *
The centaur shoots an arrow.
The arrow hits you!
* * * LOW HITPOINT WARNING * * *
The centaur shoots an arrow.
The arrow hits you but does no damage.
The centaur shoots an arrow.
The arrow hits you!
You die...

########## #.........#
. #####.........# )..
#...#.........#
.(...###...#.........#
(..c.>.@.5.(.........#
.......#.(.#)........#
#
....<#.....#..†..)...#
#
####.......#(........#
###
#.###...###.#######
..### #####...#
#...##..#
#...###.....#
######.## ###.....####
#.# ##<......#####
#.##########


You could see Grinder and a centaur.

Vanquished Creatures
  A water moccasin (D:4)
  A sky beast (D:6)
  A centaur (D:6)
  A giant frog (D:6)
  A hound (D:4)
  4 adders
  An adder skeleton (D:5)
  5 orcs (D:3)
  A ball python (D:3)
  2 hobgoblins
  A quokka (D:6)
  A bat (D:3)
  A giant newt (D:2)
  2 goblins
  A kobold (D:2)
  A quokka zombie (D:5)
  5 rats
30 creatures vanquished.

Vanquished Creatures (others)
  2 jackals (D:3)
  A kobold (D:3)
3 creatures vanquished.

Grand Total: 33 creatures vanquished

Notes
Turn   | Place    | Note
--------------------------------------------------------------
     0 | D:1      | 4thArraOfDagon the Centaur Air Elementalist began the quest for the Orb.
     0 | D:1      | Reached XP level 1. HP: 14/14 MP: 3/3
    28 | D:2      | Found a glowing golden altar of the Shining One.
    33 | D:2      | Became a worshipper of the Shining One
    57 | D:2      | Found a sacrificial altar of Ru.
    71 | D:2      | Reached skill level 1 in Conjurations
   331 | D:3      | Found a sparkling altar of Nemelex Xobeh.
   334 | D:3      | Found an opulent altar of Gozag.
   337 | D:3      | Found a shimmering altar of Xom.
   340 | D:3      | Found a radiant altar of Vehumet.
   376 | D:3      | Reached XP level 2. HP: 20/20 MP: 4/4
   391 | D:3      | Learned a level 2 spell: Repel Missiles
   400 | D:3      | Reached skill level 3 in Air Magic
   561 | D:2      | You fall through a shaft!
   584 | D:3      | Noticed an orc priest
   725 | D:4      | Found Pahosch's Serpentskin Sales.
   725 | D:4      | Noticed a water moccasin
   741 | D:4      | Killed a water moccasin
   741 | D:4      | Reached XP level 3. HP: 23/26 MP: 4/6
   741 | D:4      | Reached XP level 4. HP: 28/33 MP: 4/7
   763 | D:4      | Reached XP level 5. HP: 9/38 MP: 5/8
   890 | D:5      | Entered Level 5 of the Dungeon
   910 | D:5      | Gained mutation: You can spit weak poison. [potion of mutation]
   910 | D:5      | Gained mutation: Your flesh is heat resistant. [potion of mutation]
   910 | D:5      | Gained mutation: You can translocate small distances at will. [potion of mutation]
   911 | D:5      | Gained mutation: You tend to lose your temper in combat. [potion of mutation]
   911 | D:5      | Gained mutation: Your spells are a little harder to cast, but a little more powerful. [potion of mutation]
   911 | D:5      | Gained mutation: You are frail (-10% HP). [potion of mutation]
   970 | D:5      | Acquired the Shining One's first power
  1148 | D:6      | Noticed a slave
  1209 | D:6      | Noticed Blork the orc
  1354 | D:6      | Noticed a slave
  1357 | D:6      | Noticed Pikel
  1358 | D:6      | Noticed a slave
  1378 | D:6      | Noticed a slave
  1434 | D:6      | Reached skill level 4 in Air Magic
  1445 | D:6      | Learned a level 3 spell: Static Discharge
  1491 | D:6      | Noticed a sky beast
  1498 | D:6      | Killed a sky beast
  1498 | D:6      | Reached XP level 6. HP: 30/40 MP: 8/10
  1506 | D:6      | Noticed a centaur
  1521 | D:6      | Noticed Grinder
  1522 | D:6      | Killed a centaur
  1522 | D:6      | Reached skill level 1 in Fighting
  1527 | D:6      | Noticed a centaur
  1528 | D:6      | Paralysed by Grinder for 7 turns
  1532 | D:6      | HP: 2/42 [centaur/arrow (8)]
  1533 | D:6      | Shot with an arrow by a centaur

Vault maps used:
D:1:      minmay_arrival_up_and_down, serial_corexii_hall,
          corexii_hall_statues_i, corexii_hall_statues_i
D:2:      nicolae_ru_awakened_eye, nicolae_overflow_crystal_walls
D:3:      grunt_temple_overflow_cloverleaf, lemuel_flame_loot_1
D:4:      serial_shops, shop, guppyfry_shop_venom
D:5:      cheibrodos_worm_habitat, minmay_temple_entry_nine_rooms, first_bread
D:6:      black_bear_nest_2, uniq_blork_the_orc, uniq_grinder, uniq_pikel

Action                   |  1- 3 |  4- 6 || total
-------------------------+-------+-------++-------
Melee: Quarterstaff      |    27 |    18 ||    45
       Unarmed           |     6 |       ||     6
 Cast: Shock             |     7 |    14 ||    21
       Repel Missiles    |       |     1 ||     1
Evoke: Wand              |     4 |     8 ||    12
  Use: Scroll            |     3 |     2 ||     5
       Potion            |     2 |     3 ||     5
  Eat: Royal jelly       |       |     1 ||     1
